 Dungeon Crawl Stone Soup version 0.31-a0-1467-g53b6572822 (webtiles) character file.

Game seed: 9290936802574292616

113 theway the Insei (level 4, -3/28 HPs)
             Began as an Octopode Shapeshifter on Dec 28, 2023.
             Slain by a gnoll bouda
             ... wielding a +0 club
              (12 damage)
             ... in the Ecumenical Temple.
             The game lasted 00:03:49 (2318 turns).

theway the Insei (Octopode Shapeshifter)            Turns: 2318, Time: 00:03:50

Health: -3/28      AC:  1    Str: 13    XL:     4   Next: 96%
Magic:  4/4        EV: 13    Int: 12    God:
Gold:   144        SH:  0    Dex: 13    Spells: 3/3 levels left

rFire   . .          .
                       - Unarmed
rCold   . . .        (no shield)
rNeg    . . .        (helmet currently unavailable)
rPois   .            (no amulet)
rElec   .            (no ring)
rCorr   .            (no ring)
SInv    .            (no ring)
Will    .....        (no ring)
Stlth   ++           (no ring)
HPRegen 0.24/turn    (no ring)
MPRegen 0.09/turn    (no ring)
                     (no ring)

%: no passive effects
@: beast-form, weakened, studying Fighting
A: beast (slay +2), almost no armour, amphibious, 8 rings, camouflage 1,
gelatinous body 1, (nimble swimmer 1), tentacles
a: Begin Untransformation


You were in the Ecumenical Temple.
You were a hulking beast.
You visited 2 branches of the dungeon, and saw 5 of its levels.

You collected 144 gold pieces.

Inventory:

Jewellery
 g - a ring of protection from cold
Talismans
 b - a beast talisman
 c - a flux talisman
Scrolls
 e - a scroll of identify
 f - 4 scrolls of immolation
Potions
 a - a potion of lignification
 d - a potion of heal wounds
 h - a potion of attraction {unknown}


   Skills:
 + Level 1.2 Fighting
 - Level 2.0 Dodging
 + Level 4.3 Unarmed Combat
 + Level 4.1 Shapeshifting


You had 3 spell levels left.
You didn't know any spells.
Your spell library contained the following spells:

 Spells                   Type           Power      Damage    Failure   Level
 Lesser Beckoning         Tloc           0%         N/A       45%         2
 Gell's Gravitas          Tloc           0%         N/A       69%         3
 Teleport Other           Tloc           0%         N/A       69%         3


Dungeon Overview and Level Annotations

Branches:
Dungeon (4/15)             Temple (1/1) D:4

Altars:
Ashenzari
Cheibriados
Dithmenos
Elyvilon
Gozag
Hepliaklqana
Nemelex Xobeh
Okawaru
Qazlal
Sif Muna
Trog
Wu Jian
Xom
Yredelemnul
Zin

Annotations:
D:3 Sigmund


Innate Abilities, Weirdness & Mutations

You are a hulking beast.
Your limbs bulge with bestial killing power. (Slay +2)
You cannot wear most types of armour.
You are amphibious.
You can wear up to eight rings at the same time.
Your skin changes colour to match your surroundings (Stealth+).
Your rubbery body absorbs attacks. (AC +1, EV +1)
((You are camouflaged when in or above water. (Stealth+)))
You have tentacles for arms and can constrict up to eight enemies at once.


Message History

The gnoll bouda hits you with a +0 club.
You tentacle-slap the gnoll bouda but do no damage.
The gnoll bouda is lightly wounded.
You constrict the gnoll bouda, but do no damage.
The gnoll bouda barks out a call to the hunt!
The gnoll picks up the pace!
The gnoll hits you with a +0 flail.
You barely miss the gnoll bouda. You squeeze the gnoll bouda.
The gnoll bouda is heavily wounded.
You constrict the gnoll bouda.
The gnoll bouda hits you with a +0 club!
* * * LOW HITPOINT WARNING * * *
The gnoll closely misses you.
You are too injured to fight recklessly!
Unknown command.
You release your grip on the gnoll bouda.
The gnoll is no longer moving quickly.
Unknown command.
The gnoll attacks as it pursues you! The gnoll barely misses you.
The gnoll attacks as it pursues you! The gnoll barely misses you.
Found a book of Weapons.
Found a stone staircase leading down.
The gnoll bouda barks out a call to the hunt!
The gnoll bouda gazes fiercely through you!
You feel your attacks grow feeble.
The gnoll is no longer moving quickly.
The gnoll bouda gazes fiercely through you!
You feel as though you will be weak longer.
There is a staircase to the Ecumenical Temple here.
You can't go up here!
The gnoll closely misses you.
The gnoll shouts!
The gnoll hits you with a +0 flail!
* * * LOW HITPOINT WARNING * * *
You climb downwards.
Welcome to the Ecumenical Temple!
Found four altars.
Found a staircase back to the Dungeon.
There is a staircase back to the Dungeon here.
You closely miss the gnoll bouda. Your grab misses the gnoll bouda.
The gnoll bouda is moderately wounded.
The gnoll bouda hits you with a +0 club!
You die...

♣♣.....~._..♣.....~~~~~~~~
♣.§_..♣....♣♣.._....~~~~~
♣♣....♣.....~....♣♣...~..
♣♣....♣♣.....♣♣♣♣.._...~
♣♣.§♣♣♣.._...♣ ♣.......
♣♣~..♣♣..§..♣♣♣♣♣....~.
♣♣...................♣..
♣♣♣.....~........_........
♣♣≈~......h....♣........♣..
♣≈≈~~..~~..g....♣♣.....♣..♣
♣≈≈≈~.~~~~~~~.♣.♣♣.....♣..♣
♣≈≈≈≈~..~~~~~...~~~.._..~..
♣≈≈≈≈≈~.~§~~.~....~~.....♣.
♣♣♣≈≈≈~......~~....♣.....♣.
♣≈≈≈~.._......~....~~....
♣♣≈≈≈~...§..~♣♣..~.......
♣♣≈~≈...~....♣.._.......


You could see a gnoll bouda.

Vanquished Creatures
  An orc wizard (D:3)
  3 adders
  A worm (D:2)
  A dart slug (D:1)
  3 orcs (D:3)
  4 ball pythons
  4 endoplasms
  A giant cockroach (D:3)
  5 hobgoblins
  3 quokkas
  2 frilled lizards (D:1)
  9 goblins
  8 kobolds
  9 rats
54 creatures vanquished.

Notes
Turn   | Place    | Note
-------+----------+-------------------------------------------
     0 | D:1      | theway the Octopode Shapeshifter began the quest for the
                  | Orb.
     0 | D:1      | Reached XP level 1. HP: 13/13 MP: 1/1
   312 | D:1      | Reached XP level 2. HP: 18/18 MP: 2/2
  1000 | D:2      | Reached XP level 3. HP: 22/23 MP: 3/3
  1425 | D:2      | Found a faded altar of an unknown god.
  1441 | D:2      | Reached XP level 4. HP: 20/28 MP: 4/4
  2013 | D:3      | Noticed Sigmund
  2048 | D:3      | Identified a scroll of acquirement
  2048 | D:3      | Acquired a manual of Fighting
  2267 | D:4      | Found a staircase to the Ecumenical Temple.
  2317 | Temple   | Entered the Ecumenical Temple
  2318 | Temple   | Slain by a gnoll bouda

Illustrated notes

Levels and vault maps discovered:
D:1:      grunt_arrival_lava_bath, layout_loops_ring
D:2:      layout_loops_ring, hellmonk_ecumenical_altar_blasted,
          minmay_misc_feat_columns
D:3:      layout_basic, uniq_sigmund
D:4:      layout_rooms, lemuel_doored_altar, minmay_temple_entry_wispy,
          nicolae_houndstooth_variations
Temple:   nicolae_temple_bog_church

Skill      XL: |  1  2  3  4 |
---------------+-------------+-----
Unarmed Combat | 4 |  4.3
Shapeshifting  | 4 |  4.1
Fighting       | |  1.2
Dodging        | |  2.0

Action                     |  1- 3 |  4- 6 || total
---------------------------+-------+-------++-------
  Melee: Unarmed           |    63 |    44 ||   107
         Constrict         |    18 |     9 ||    27
         Tentacles         |    11 |     7 ||    18
         Punch             |     2 |     1 ||     3
    Use: Scroll            |     3 |     1 ||     4
         Potion            |       |     4 ||     4
   Stab: Sleeping          |     7 |     1 ||     8
 Armour: Skin              |    21 |    18 ||    39
  Dodge: Dodged            |    27 |    30 ||    57

Table legend: (Time is in decaauts)
 A = Elapsed time spent in this place.
 B = Non-inter-level travel time spent in this place.
 C = Inter-level travel time spent in this place.
 D = Time resting spent in this place.
 E = Time spent auto-exploring this place.
 F = Levels seen in this place.
 G = Mean time per level.
                   A        B        C        D        E       F      G
               +--------+--------+--------+--------+--------+-----+--------+
         Total |   2289 |   2274 |     15 |    732 |   1082 |   5 |  457.8 |
       Dungeon |   2289 |   2274 |     15 |    732 |   1082 |   4 |  572.2 |
        Temple |      0 |      0 |      0 |      0 |      0 |   1 |    0.0 |
               +--------+--------+--------+--------+--------+-----+--------+

Top non-repeatable levels by time:
     D:1: 964 daAuts
     D:2: 774 daAuts
     D:3: 395 daAuts
     D:4: 155 daAuts
  Temple: 0 daAuts
